ORI
UNIVERSITY OF MINNESOTA GOLDEN GOPHERS @ LOUISIANA STATE UNIVERSITY TIGERS
07/31/2047
 
TOP OF THE 1ST
University of Minnesota Golden Gophers batting - Pitching for Louisiana State University Tigers : LHP Nathan Waters
Pitching: LHP Nathan Waters
Batting: RHB Ned Scovell 0-0: Ball
1-0: Called Strike
1-1: Ball
2-1: Foul Ball, location: 2F
2-2: Ground out 6-3 (Groundball, 6, EV 92.5 MPH)
Batting: SHB Marty Kuehn 0-0: Ball
1-0: Ball
2-0: Ball
3-0: Called Strike
3-1: Base on Balls
Batting: RHB Ozzie Buendia 0-0: Called Strike
0-1: Foul Ball, location: 2F
0-2: Foul Ball, location: 2F
0-2: Foul Ball, location: 2F
0-2: Ball
1-2: Ball
2-2: Strikes out swinging
Batting: LHB Ivan Villegas 0-0: Ball
1-0: Ball
2-0: Foul Ball, location: 2F
2-1: Fly out, F8 (Flyball, 8LM, EV 93.1 MPH)
Top of the 1st over - 0 runs, 0 hits, 0 errors, 1 left on base; University of Minnesota 0 - Louisiana State University 0
BOTTOM OF THE 1ST
Louisiana State University Tigers batting - Pitching for University of Minnesota Golden Gophers : LHP Alexis Varela
Pitching: LHP Alexis Varela
Batting: RHB Winston Vasquez 0-0: Called Strike
0-1: Ball
1-1: Ball
2-1: Foul Ball, location: 2F
2-2: Strikes out looking
Batting: RHB Pete Roberts 0-0: Ball
1-0: Foul Ball, location: 2F
1-1: Ball
2-1: Ball
3-1: Foul Ball, location: 2F
3-2: Strikes out looking
Batting: RHB Peter Turcotte 0-0: Ball
1-0: Ball
2-0: Ball
3-0: Called Strike
3-1: Swinging Strike
3-2: Strikes out swinging
Bottom of the 1st over - 0 runs, 0 hits, 0 errors, 0 left on base; University of Minnesota 0 - Louisiana State University 0
TOP OF THE 2ND
University of Minnesota Golden Gophers batting - Pitching for Louisiana State University Tigers : LHP Nathan Waters
Batting: LHB Alex Villa 0-0: Fly out, F8 (Flyball, 8LD, EV 109.4 MPH)
Batting: SHB Chris Rodgers 0-0: Ball
1-0: Swinging Strike
1-1: Called Strike
1-2: Strikes out swinging
Batting: RHB Farakiko Haunani 0-0: Ball
1-0: Foul Ball, location: 2F
1-1: Called Strike
1-2: Strikes out swinging
Top of the 2nd over - 0 runs, 0 hits, 0 errors, 0 left on base; University of Minnesota 0 - Louisiana State University 0
BOTTOM OF THE 2ND
Louisiana State University Tigers batting - Pitching for University of Minnesota Golden Gophers : LHP Alexis Varela
Batting: LHB Elijah Mallandain 0-0: Called Strike
0-1: Foul Ball, location: 2F
0-2: Ball
1-2: SINGLE (Groundball, 13S, EV 65.6 MPH) (infield hit)
Batting: RHB Keith Ashton 0-0: Called Strike
Elijah Mallandain steals 2nd base (no throw)
0-1: Hit by Pitch
Batting: LHB Oscar Rivera 0-0: Called Strike
0-1: Swinging Strike
0-2: Strikes out swinging
Batting: RHB David Dye 0-0: Foul Ball, location: 2F
0-1: Grounds into double play, 5-4-3 (Groundball, 56, EV 87.5 MPH)
Bottom of the 2nd over - 0 runs, 1 hit, 0 errors, 1 left on base; University of Minnesota 0 - Louisiana State University 0
TOP OF THE 3RD
University of Minnesota Golden Gophers batting - Pitching for Louisiana State University Tigers : LHP Nathan Waters
Batting: LHB Antonio Cordero 0-0: Called Strike
0-1: Ball
1-1: Ground out 5-3 (Groundball, 56, EV 86.9 MPH)
Batting: RHB Jose Garrido 0-0: Ground out 6-3 (Groundball, 6, EV 80.6 MPH)
Batting: RHB Ned Scovell 0-0: Fly out, F9 (Flyball, 9, EV 88.1 MPH)
Top of the 3rd over - 0 runs, 0 hits, 0 errors, 0 left on base; University of Minnesota 0 - Louisiana State University 0
BOTTOM OF THE 3RD
Louisiana State University Tigers batting - Pitching for University of Minnesota Golden Gophers : LHP Alexis Varela
Batting: LHB Alex Morales 0-0: Ball
1-0: Foul Ball, location: 2F
1-1: Ball
2-1: Ball
3-1: Called Strike
3-2: Base on Balls
Batting: LHB Matt Ellington 0-0: Ball
1-0: Called Strike
Alex Morales steals 2nd base
1-1: Foul Ball, location: 2F
1-2: Foul Ball, location: 2F
1-2: Ball
2-2: Foul Ball, location: 2F
2-2: Foul Ball, location: 2F
2-2: SINGLE (Groundball, 34D, EV 94.4 MPH)
Alex Morales to third
Runner from 3rd tries for Home, SAFE, throw by RF to home
Batting: RHB Winston Vasquez 0-0: Foul Ball, location: 2F
0-1: Foul Ball, location: 2F
0-2: Ball
1-2: Ball
2-2: Fly out, F8 (Flyball, 78S, EV 97.5 MPH)
Batting: RHB Pete Roberts 0-0: Ball
1-0: Swinging Strike
1-1: Foul Ball, location: 2F
1-2: Foul Ball, location: 2F
1-2: Ball
2-2: Ball
3-2: Base on Balls
Matt Ellington to second
Batting: RHB Peter Turcotte 0-0: Fly out, F7 (Flyball, 78D, EV 95.6 MPH)
Runner from 2nd tags up, OUT at 3rd! 7-5
Bottom of the 3rd over - 1 run, 1 hit, 0 errors, 1 left on base; University of Minnesota 0 - Louisiana State University 1
TOP OF THE 4TH
University of Minnesota Golden Gophers batting - Pitching for Louisiana State University Tigers : LHP Nathan Waters
Batting: SHB Marty Kuehn 0-0: Ball
1-0: Ball
2-0: SINGLE (Groundball, 56D, EV 98.1 MPH)
Batting: RHB Ozzie Buendia 0-0: Called Strike
0-1: Called Strike
0-2: Ball
1-2: Ball
2-2: Ball
3-2: SINGLE (Groundball, 6D, EV 112.5 MPH)
Marty Kuehn to second
Batting: LHB Ivan Villegas 0-0: Ball
1-0: Ball
2-0: Called Strike
2-1: Ball
3-1: Called Strike
3-2: Strikes out looking
Batting: LHB Alex Villa 0-0: Ball
1-0: Ball
2-0: Called Strike
2-1: Called Strike
2-2: Strikes out swinging
Batting: SHB Chris Rodgers 0-0: Foul Ball, location: 2F
0-1: Ball
Wild Pitch!
Marty Kuehn to third
Ozzie Buendia to second
1-1: Ball
2-1: Foul Ball, location: 2F
2-2: Strikes out looking
Top of the 4th over - 0 runs, 2 hits, 0 errors, 2 left on base; University of Minnesota 0 - Louisiana State University 1
BOTTOM OF THE 4TH
Louisiana State University Tigers batting - Pitching for University of Minnesota Golden Gophers : LHP Alexis Varela
Batting: LHB Elijah Mallandain 0-0: Called Strike
0-1: Ball
1-1: Ball
2-1: Fly out, F2 (Popup, 2L, EV 91.9 MPH)
Batting: RHB Keith Ashton 0-0: Called Strike
0-1: Foul Ball, location: 2F
0-2: Ball
1-2: Strikes out swinging
Batting: LHB Oscar Rivera 0-0: Ball
1-0: Ball
2-0: Ball
3-0: Base on Balls
Batting: RHB David Dye 0-0: Ball
1-0: Called Strike
1-1: Swinging Strike
1-2: Strikes out looking
Bottom of the 4th over - 0 runs, 0 hits, 0 errors, 1 left on base; University of Minnesota 0 - Louisiana State University 1
TOP OF THE 5TH
University of Minnesota Golden Gophers batting - Pitching for Louisiana State University Tigers : LHP Nathan Waters
Now at 2B: Michael Maier
Now at SS: Steve McCoig
Now in RF: Elvin Ruffolo
Batting: RHB Farakiko Haunani 0-0: Ball
1-0: Ball
2-0: Foul Ball, location: 2F
2-1: Foul Ball, location: 2F
2-2: Foul Ball, location: 2F
2-2: Foul Ball, location: 2F
2-2: Ball
3-2: Base on Balls
Batting: LHB Antonio Cordero 0-0: Ball
1-0: Ball
2-0: Called Strike
2-1: Foul Ball, location: 2F
2-2: Strikes out swinging
Batting: RHB Jose Garrido 0-0: Ball
1-0: Called Strike
1-1: Foul Ball, location: 2F
1-2: Fly out, F8 (Flyball, 8LD, EV 90.6 MPH)
Pitching: LHP Gianpaolo Capirossi
Pinch Hitting: RHB Tatsuyoshi Ikeda 0-0: Ground out 4-3 (Groundball, 34, EV 87.5 MPH)
Top of the 5th over - 0 runs, 0 hits, 0 errors, 1 left on base; University of Minnesota 0 - Louisiana State University 1
BOTTOM OF THE 5TH
Louisiana State University Tigers batting - Pitching for University of Minnesota Golden Gophers : LHP Alexis Varela
Pitching: LHP Bing-zhong Sung
Now at C: Jason Mooris
Now at 1B: Jose Moncada
Now at 2B: Tatsuyoshi Ikeda
Now at SS: Ron Gooch
Now in RF: Roy Evenden
Batting: LHB Alex Morales 0-0: Ball
1-0: Called Strike
1-1: Ball
2-1: Ball
3-1: Ground out 4-3 (Groundball, 4, EV 86.2 MPH)
Batting: LHB Matt Ellington 0-0: Foul Ball, location: 2F
0-1: Ball
1-1: Ball
2-1: Ball
3-1: Foul Ball, location: 2F
3-2: Base on Balls
Batting: RHB Steve McCoig 0-0: Called Strike
0-1: Ball
1-1: Called Strike
1-2: Ball
2-2: Ball
3-2: Foul Ball, location: 2F
3-2: Strikes out swinging
Batting: RHB Pete Roberts 0-0: Ball
1-0: Fly out, F9 (Flyball, 89M, EV 81.2 MPH)
Bottom of the 5th over - 0 runs, 0 hits, 0 errors, 1 left on base; University of Minnesota 0 - Louisiana State University 1
TOP OF THE 6TH
University of Minnesota Golden Gophers batting - Pitching for Louisiana State University Tigers : LHP Gianpaolo Capirossi
Now at 1B: Ding-bong Zhào
Batting: RHB Mike Satterfield 0-0: Ball
1-0: Foul Ball, location: 2F
1-1: Foul Ball, location: 2F
1-2: Strikes out swinging
Pinch Hitting: LHB Josh Rini 0-0: Foul Ball, location: 2F
0-1: Foul Ball, location: 2F
0-2: Strikes out looking and he ARGUES THE CALL AND IS TOSSED!
Batting: LHB Jose Moncada 0-0: Called Strike
0-1: Called Strike
0-2: Ball
1-2: Ground out 4-3 (Groundball, 4, EV 103.8 MPH)
Top of the 6th over - 0 runs, 0 hits, 0 errors, 0 left on base; University of Minnesota 0 - Louisiana State University 1
BOTTOM OF THE 6TH
Louisiana State University Tigers batting - Pitching for University of Minnesota Golden Gophers : LHP Bing-zhong Sung
Now at 3B: Phil Bonner
Batting: RHB Byung-hee Jee 0-0: DOUBLE (Line Drive, 5D, EV 100.0 MPH)
Pinch Hitting: RHB Jake Garza 0-0: Swinging Strike
0-1: Swinging Strike
0-2: Ball
1-2: Ball
2-2: Strikes out swinging
Pinch Hitting: RHB Leo Roldan 0-0: Called Strike
0-1: Fly out, F7 (Flyball, 7D, EV 88.1 MPH)
Runner from 2nd tags up, SAFE at 3rd, no throw by LF
Batting: RHB Elvin Ruffolo 0-0: Ball
1-0: Called Strike
1-1: Swinging Strike
1-2: Strikes out swinging
Bottom of the 6th over - 0 runs, 1 hit, 0 errors, 1 left on base; University of Minnesota 0 - Louisiana State University 1
TOP OF THE 7TH
University of Minnesota Golden Gophers batting - Pitching for Louisiana State University Tigers : LHP Gianpaolo Capirossi
Now at 3B: Graham Beamish
Now in LF: Brian Caruso
Now in CF: John Carter
Pinch Hitting: RHB Jarrod Strickhouser 0-0: Foul Ball, location: 2F
0-1: Ball
1-1: Ball
2-1: Ground out 5-3 (Groundball, 5, EV 91.2 MPH)
Pinch Hitting: RHB Dave Uttley 0-0: Ball
1-0: Ball
2-0: Foul Ball, location: 2F
2-1: Foul Ball, location: 2F
2-2: Foul Ball, location: 2F
2-2: Ball
3-2: Ground out 1-3 (Groundball, 13S, EV 62.5 MPH)
Batting: RHB Ron Gooch 0-0: Ball
1-0: Fly out, F7 (Flyball, 7, EV 82.5 MPH)
Top of the 7th over - 0 runs, 0 hits, 0 errors, 0 left on base; University of Minnesota 0 - Louisiana State University 1
BOTTOM OF THE 7TH
Louisiana State University Tigers batting - Pitching for University of Minnesota Golden Gophers : LHP Bing-zhong Sung
Pitching: LHP Bill Parker
Now in LF: Dave Uttley
Now in CF: Jarrod Strickhouser
Batting: RHB Michael Maier 0-0: Ball
1-0: Foul Ball, location: 2F
1-1: Called Strike
1-2: Ball
2-2: Ball
3-2: Foul Ball, location: 2F
3-2: Fly out, F9 (Line Drive, 89M, EV 108.1 MPH)
Batting: SHB Brian Caruso 0-0: Ball
1-0: Swinging Strike
1-1: Ball
2-1: Foul Ball, location: 2F
2-2: Strikes out looking
Pinch Hitting: SHB Stone Fraser 0-0: Foul Ball, location: 2F
0-1: Ball
1-1: Called Strike
1-2: Strikes out swinging
Bottom of the 7th over - 0 runs, 0 hits, 0 errors, 0 left on base; University of Minnesota 0 - Louisiana State University 1
TOP OF THE 8TH
University of Minnesota Golden Gophers batting - Pitching for Louisiana State University Tigers : LHP Gianpaolo Capirossi
Pitching: RHP Jeff Blankenship
Now at C: Alfredo Padilla
Pinch Hitting: LHB Bobby Agterberg 0-0: Foul Ball, location: 2F
0-1: Foul Ball, location: 2F
0-2: Strikes out swinging
Batting: RHB Jason Mooris 0-0: Called Strike
0-1: Ball
1-1: Ball
2-1: Foul Ball, location: 2F
2-2: Ground out 6-3 (Groundball, 6, EV 102.5 MPH)
Batting: RHB Tatsuyoshi Ikeda 0-0: Called Strike
0-1: Ball
1-1: Bunt missed!
1-2: Strikes out looking and he ARGUES THE CALL AND IS TOSSED!
Top of the 8th over - 0 runs, 0 hits, 0 errors, 0 left on base; University of Minnesota 0 - Louisiana State University 1
BOTTOM OF THE 8TH
Louisiana State University Tigers batting - Pitching for University of Minnesota Golden Gophers : LHP Bill Parker
Pitching: RHP John Roebuck
Now at 2B: Ron Gooch
Now at SS: Dick Shafer
Now in LF: Bobby Agterberg
Now in RF: Dave Uttley
Batting: RHB Steve McCoig 0-0: Ball
1-0: Foul Ball, location: 2F
1-1: SINGLE (Groundball, 15S, EV 76.9 MPH) (infield hit)
Pinch Hitting: RHB D.J. Ganz 0-0: Bunt missed!
0-1: Called Strike
Steve McCoig steals 2nd base
0-2: Ball
1-2: Ball
2-2: Ball
3-2: Foul Ball, location: 2F
3-2: Base on Balls
Batting: RHB Byung-hee Jee 0-0: Grounds into double play, 5-4-3 (Groundball, 15, EV 85.6 MPH)
Steve McCoig to third
Batting: LHB John Carter 0-0: Ball
1-0: Ball
2-0: Ball
3-0: Called Strike
3-1: Base on Balls
Batting: SHB Graham Beamish 0-0: Called Strike
0-1: Ball
John Carter is caught stealing 2nd base 2-6
Bottom of the 8th over - 0 runs, 1 hit, 0 errors, 1 left on base; University of Minnesota 0 - Louisiana State University 1
TOP OF THE 9TH
University of Minnesota Golden Gophers batting - Pitching for Louisiana State University Tigers : RHP Jeff Blankenship
Pitching: RHP Sal Ganzalez
Now at 1B: Zachary Acker
Batting: RHB Mike Satterfield 0-0: Swinging Strike
0-1: Ball
1-1: Foul Ball, location: 2F
1-2: Foul Ball, location: 2F
1-2: Ball
2-2: Reached on error, E6 (Groundball, 56, EV 98.8 MPH)
Pinch Hitting: RHB Scott Rose 0-0: Called Strike
0-1: Foul Ball, location: 2F
0-2: Foul Ball, location: 2F
0-2: Strikes out swinging
Batting: LHB Jose Moncada 0-0: Fly out, F5 (Popup, 5S, EV 76.2 MPH)
Pinch Hitting: LHB Gabe Cothron 0-0: Swinging Strike
0-1: Fly out, F8 (Flyball, 8LM, EV 80.6 MPH)
Top of the 9th over - 0 runs, 0 hits, 1 error, 1 left on base; University of Minnesota 0 - Louisiana State University 1
Thursday, December 15th , 2022 - OOTP Baseball 23.9 Build 102